 Dungeon Crawl Stone Soup version 0.31-a0-662-g684573625c (webtiles) character file.

Game seed: 5544089142777068290

8324 Xavori the Covert (level 11, -5/72 HPs)
             Began as an Octopode Chaos Knight on Sept 1, 2023.
             Was a Plaything of Xom.
             Succumbed to an orange demon's poison
             ... on level 9 of the Dungeon.
             The game lasted 00:11:23 (22545 turns).

Xavori the Covert (Octopode Chaos Knight)          Turns: 22545, Time: 00:11:24

Health: -5/72      AC:  8    Str: 13    XL:     11   Next: 29%
Magic:  9/9        EV: 17    Int: 13    God:    Xom [......]
Gold:   355        SH: 11    Dex: 26    Spells: 10/10 levels left

rFire   . . .        m - +2 short sword (protect)
rCold   + . .        y - +0 kite shield of Entitlement {rElec Regen+ Str-4 Stlth+}
rNeg    . . .        (helmet restricted)
rPois   .            (no amulet)
rElec   +            l - +6 ring of strength
rCorr   .            s - +6 ring of dexterity
SInv    .            (no ring)
Will    +....        (no ring)
Stlth   ++++++++     (no ring)
HPRegen 1.92/turn    (no ring)
MPRegen 0.11/turn    (no ring)
                     (no ring)

%: no passive effects
@: lethally poisoned (-5 -> -32), weakened, under a protective aura
A: almost no armour, amphibious, 8 rings, camouflage 1, gelatinous body 1,
(nimble swimmer 1), tentacles, tentacle spike 1, agile 1, cold resistance 1, low
MP 1, strong-willed 1, regeneration 1, wild magic 2, inability to read after
injury 1
a: Renounce Religion


You were on level 9 of the Dungeon.
You worshipped Xom.
You were a very special plaything of Xom.
You visited 1 branch of the dungeon, and saw 10 of its levels.
You also visited: Bailey.

You collected 746 gold pieces.
You spent 391 gold pieces at shops.

Inventory:

Hand Weapons
 a - a +0 short sword of chaos
 m - a +2 short sword of protection (weapon)
Armour
 y - the +0 kite shield of Entitlement (worn) {rElec Regen+ Str-4 Stlth+}
   (You found it in a bailey)

   Str-4:     It affects your strength (-4).
   rElec:     It insulates you from electricity.
   Regen+:    It increases your rate of health regeneration.
   Stlth+:    It makes you more stealthy.
Jewellery
 l - a +6 ring of strength (left tentacle)
 s - a +6 ring of dexterity (right tentacle)
Talismans
 w - a serpent talisman
Wands
 h - a wand of digging (3)
 k - a wand of paralysis (22)
Scrolls
 b - 4 scrolls of fear
 d - 3 scrolls of immolation
 e - a scroll of enchant armour
 f - 2 scrolls of revelation
 g - a scroll of vulnerability
 i - 8 scrolls of teleportation
 n - a scroll of enchant weapon
 q - 3 scrolls of poison
 t - a scroll of fog
 u - a scroll of blinking
 z - a scroll of brand weapon
 A - 4 scrolls of identify
Potions
 c - 8 potions of curing
 j - 4 potions of brilliance
 o - a potion of might
 p - a potion of berserk rage
 r - a potion of mutation
 v - a potion of attraction {unknown}
 x - a potion of enlightenment {unknown}


   Skills:
 + Level 6.3 Fighting
 + Level 8.1 Short Blades
 + Level 6.4 Dodging
 + Level 12.7 Stealth
 * Level 3.4 Shields
 * Level 7.5 Evocations
 * Level 4.9 Shapeshifting


You had 10 spell levels left.
You didn't know any spells.
Your spell library contained the following spells:

 Spells                   Type           Power      Damage    Failure   Level
 Foxfire                  Conj/Fire      0%         2x1d4     85%         1
 Kiss of Death            Conj/Necr      0%         2d5       85%         1
 Magic Dart               Conj           0%         1d3       85%         1
 Necrotise                Necr           0%         1d4       85%         1
 Ensorcelled Hibernation  Hex/Ice        0%         N/A       93%         2
 Passwall                 Tmut/Erth      0%         N/A       93%         2
 Searing Ray              Conj           0%         2d4       93%         2
 Confusing Touch          Hex            0%         N/A       99%         3
 Swiftness                Air            0%         N/A       99%         3
 Vampiric Draining        Necr           0%         2d6       99%         3
 Dispel Undead            Necr           0%         3d6       100%        4
 Fulminant Prism          Conj/Hex       0%         3d5       100%        4
 Agony                    Necr           0%         N/A       100%        5
 Plasma Beam              Fire/Air       0%         2x1d10    100%        6
 Starburst                Conj/Fire      0%         6d3       100%        6


Dungeon Overview and Level Annotations

Branches:
Dungeon (10/15)            Temple (0/1) D:7            Lair (0/5) D:8
    Orc (0/2) D:10         Bailey (visited)

Altars:
Dithmenos
Kikubaaqudgha
Nemelex Xobeh
Vehumet
Wu Jian
Xom

Shops:
D:5 *   D:8 ?

Annotations:
D:5 3 runed translucent doors, Age's ghost, novice MiHu; elongatedgoose's ghost, novice DsBr


Innate Abilities, Weirdness & Mutations

You cannot wear most types of armour.
You are amphibious.
You can wear up to eight rings at the same time.
Your skin changes colour to match your surroundings (Stealth+).
Your rubbery body absorbs attacks. (AC +1, EV +1)
((You are camouflaged when in or above water. (Stealth+)))
You have tentacles for arms and can constrict up to eight enemies at once.
One of your tentacles bears a spike.
You are agile. (Dex +4, Str/Int -1)
Your flesh is cold resistant. (rC+)
Your magical capacity is low. (-10% MP)
You are strong-willed. (Will+)
Your natural rate of healing is unusually fast.
Your spells are harder to cast, but more powerful.
You occasionally lose the ability to read scrolls when taking damage.


Message History

You constrict the kobold brigand.
You kill the kobold brigand!
You feel very sick. The giant cockroach misses you.
The kobold brigand misses you.
You hit the giant cockroach but do no damage.
You grab the giant cockroach.
You pierce the giant cockroach, but do no damage.
You squeeze the giant cockroach.
You kill the giant cockroach!
You feel very sick. The orange demon misses you.
The kobold brigand closely misses you.
You hit the ufetubus. Your grab misses the ufetubus.
Your tentacle spike misses the ufetubus.
The ufetubus is heavily wounded.
You feel very sick. The ufetubus barely misses you. The ufetubus misses you.
The orange demon barely misses you.
You puncture the ufetubus!
You kill the ufetubus!
The ufetubus disappears in a puff of smoke!
You feel very sick. The kobold brigand misses you.
The orange demon stings you from afar!
* * * LOW HITPOINT WARNING * * *
You are more poisoned.
The orange demon poisons you!
You feel extremely sick. You block the orange demon's attack.
The orange demon hits you.
* * * LOW HITPOINT WARNING * * *
You feel your attacks grow feeble.
There is a stone staircase leading up here.
You see here a +0 short sword.
Unknown command.
You feel very sick. You block the kobold brigand's attack.
The orange demon stings you.
* * * LOW HITPOINT WARNING * * *
You are lethally poisoned!
The orange demon poisons you! The orange demon misses you.
You climb upwards.
You die...
Xom giggles madly!

#.......#########.#...
#######.#......##.....
#.#......+...#..
#.#......##.....
#.#......######.
#.#......# #.
###.##...### #.
#.K....##########.
#@(.............#.
###############...
#..........
#..........
#..........
#".........
#..........
#..........
#..........


You could see a kobold brigand.

Vanquished Creatures
  A two-headed ogre (D:8)
  A harpy (shapeshifter) (D:8)
  A kobold demonologist (D:10)
  An unseen horror skeleton (D:6)
  A hornet (D:9)
  The ghost of rjrrt the Chopper, an amateur DsBe of Trog (D:6)
  A warg (D:10)
  4 water moccasins
  14 orc warriors
  4 black bears
  2 sky beasts
  An ogre (D:7)
  A boggart (D:7)
  5 centaurs
  A phantom (D:6)
  5 kobold brigands
  8 bullfrogs
  5 scorpions
  7 wights
  16 killer bees
  A howler monkey (D:9)
  A centaur zombie (D:6)
  3 hounds
  2 jellies
  5 orc priests
  4 sleepcaps
  4 iguanas
  14 orc wizards
  A howler monkey zombie (D:6)
  9 gnolls
  8 adders
  A white imp (D:6)
  An ufetubus (D:6)
  44 orcs
  9 endoplasms
  3 giant cockroaches
  4 hobgoblins
  4 jackals (D:3)
  19 kobolds
  4 quokkas
  10 ball pythons
  4 bats
  2 frilled lizards
  5 goblins
  6 rats
248 creatures vanquished.

Notes
Turn   | Place    | Note
-------+----------+-------------------------------------------
     0 | D:1      | Xavori the Octopode Chaos Knight began the quest for the
                  | Orb.
     0 | D:1      | Reached XP level 1. HP: 16/16 MP: 1/1
   250 | D:1      | Reached XP level 2. HP: 21/21 MP: 2/2
   737 | D:1      | XOM: silly message
  2852 | D:1      | XOM: silly message
  3656 | D:1      | XOM is BORED!
  3656 | D:1      | XOM: give mutations
  3656 | D:1      | Gained mutation: Your magical capacity is low. (-10% MP)
                  | [Xom's mischief]
  3656 | D:1      | Gained mutation: Your magical capacity is very low. (-20%
                  | MP) [Xom's mischief]
  3747 | D:1      | XOM: torment (12/21 hp)
  4221 | D:1      | XOM: noise
  5878 | D:1      | XOM is BORED!
  5878 | D:1      | XOM: summons 1 hostile demon
  5929 | D:2      | XOM: draining
  5990 | D:1      | XOM: give mutations
  5990 | D:1      | Lost mutation: Your magical capacity is very low. (-20% MP)
                  | [Xom's mischief]
  5990 | D:1      | Gained mutation: Your spells are a little harder to cast,
                  | but a little more powerful. [Xom's mischief]
  5990 | D:1      | Gained mutation: You occasionally lose the ability to read
                  | scrolls when taking damage. [Xom's mischief]
  6023 | D:1      | XOM: give mutations
  6023 | D:1      | Gained mutation: Your muscles are strong. (Str +4, Int/Dex
                  | -1) [Xom's grace]
  6023 | D:1      | Gained mutation: Your flesh is cold resistant. (rC+) [Xom's
                  | grace]
  6023 | D:1      | Gained mutation: Your natural rate of healing is unusually
                  | fast. [Xom's grace]
  6337 | D:1      | XOM: scenery: summon butterflies
  6781 | D:1      | XOM: scenery: create altars
  6942 | D:1      | XOM: scenery: summon butterflies
  7475 | D:1      | XOM: 2-stop teleportation journey
  7813 | D:1      | XOM: scenery: 1 doors close
  8073 | D:1      | XOM: scenery: 1 doors open
  8722 | D:1      | XOM: god gift: +7 shortbow
  9239 | D:1      | XOM: god gift: +1 battleaxe of chaos
  9265 | D:1      | XOM: give mutations
  9265 | D:1      | Lost mutation: Your spells are a little harder to cast, but
                  | a little more powerful. [Xom's mischief]
  9265 | D:1      | Lost mutation: Your muscles are strong. (Str +4, Int/Dex
                  | -1) [Xom's mischief]
  9265 | D:1      | Gained mutation: Your spells are a little harder to cast,
                  | but a little more powerful. [Xom's mischief]
 10102 | D:2      | Reached skill level 1 in Stealth
 10145 | D:2      | XOM: give mutation
 10145 | D:2      | Gained mutation: You are agile. (Dex +4, Str/Int -1) [Xom's
                  | grace]
 10265 | D:2      | Reached XP level 3. HP: 23/26 MP: 2/2
 10405 | D:2      | Reached skill level 2 in Stealth
 10446 | D:2      | Noticed a black bear
 10452 | D:2      | Killed a black bear
 10453 | D:2      | Reached skill level 4 in Stealth
 10453 | D:2      | Reached skill level 1 in Evocations
 10453 | D:2      | Reached XP level 4. HP: 18/32 MP: 3/3
 10453 | D:2      | Reached XP level 5. HP: 20/36 MP: 4/4
 10540 | D:2      | XOM: silly message
 10643 | D:2      | XOM: summons 1 hostile shadow creature
 10656 | D:2      | XOM: 1-stop teleportation journey
 11142 | D:2      | XOM: give mutation
 11142 | D:2      | Gained mutation: Your spells are harder to cast, but more
                  | powerful. [Xom's grace]
 11352 | D:2      | XOM: 2-stop teleportation journey
 11531 | D:2      | XOM: god gift: ring mail {god gift}
 12462 | D:2      | XOM is BORED!
 12462 | D:2      | XOM: summons 3 hostile demons
 12463 | D:2      | Noticed a rust devil
 12463 | D:2      | Noticed a neqoxec
 12467 | D:3      | XOM: scenery: create altars
 12853 | D:3      | XOM: polymorph frilled lizard -> gnoll
 12954 | D:3      | Reached XP level 6. HP: 43/43 MP: 5/5
 13066 | D:3      | XOM: scenery: summon butterflies
 13367 | D:3      | XOM: god gift: scroll labelled LIP ZOTUVUI {god gift}
 13391 | D:4      | Reached skill level 5 in Stealth
 13506 | D:3      | XOM: god gift: 8 stones
 13590 | D:4      | Found an ornate altar of the Wu Jian Council.
 13635 | D:4      | Found a shadowy altar of Dithmenos.
 13655 | D:4      | Found a sparkling altar of Nemelex Xobeh.
 13778 | D:4      | Reached skill level 6 in Stealth
 13778 | D:4      | Reached XP level 7. HP: 47/47 MP: 6/6
 14236 | D:5      | Entered Level 5 of the Dungeon
 14432 | D:4      | XOM: god gift: 18 gold pieces
 14515 | D:4      | XOM is BORED!
 15129 | D:4      | XOM: draining
 15670 | D:4      | XOM: torment (22/41 hp)
 16297 | D:4      | XOM: noise
 16471 | D:4      | XOM: torment (22/41 hp)
 16632 | D:4      | XOM: stat loss: -1 Int (12/13)
 17003 | D:4      | XOM: silly message
 17321 | D:4      | XOM: silly message
 17384 | D:4      | XOM: silly message
 17498 | D:4      | XOM: divination: detect items
 17798 | D:4      | XOM is BORED!
 17798 | D:4      | XOM: silly message
 17935 | D:4      | XOM: silly message
 18121 | D:4      | XOM: silly message
 18741 | D:4      | XOM: give mutations
 18741 | D:4      | Gained mutation: One of your tentacles bears a spike.
                  | [Xom's grace]
 18741 | D:4      | Gained mutation: You are strong-willed. (Will+) [Xom's
                  | grace]
 18758 | D:5      | Found a radiant altar of Vehumet.
 18775 | D:5      | Reached skill level 5 in Short Blades
 18824 | D:5      | XOM: chaos upgrade
 18838 | D:5      | XOM: butterfly on damage
 18902 | D:5      | Found a runed translucent gate.
 18903 | D:5      | XOM: snakes to sticks
 18910 | D:5      | Found a runed translucent gate.
 18911 | D:5      | Found a runed translucent gate.
 18950 | D:5      | Reached skill level 7 in Stealth
 18959 | D:5      | Reached XP level 8. HP: 47/54 MP: 7/7
 19028 | D:5      | Noticed Age's ghost (novice MiHu)
 19028 | D:5      | Noticed elongatedgoose's ghost (novice DsBr)
 19053 | D:5      | Found Zeroluw's Assorted Antiques.
 19067 | D:5      | Bought a lumpy purple potion for 22 gold pieces
 19067 | D:5      | Bought an emerald potion for 22 gold pieces
 19067 | D:5      | Bought a sapphire ring for 125 gold pieces
 19100 | D:5      | XOM: cloud trail
 19587 | D:6      | Found an ancient bone altar of Kikubaaqudgha.
 19594 | D:6      | Reached skill level 8 in Stealth
 19601 | D:6      | Reached skill level 1 in Shapeshifting
 19607 | D:6      | XOM: repel stairs
 19663 | D:6      | XOM: divination: detect creatures
 19876 | D:6      | Found a runed translucent gate.
 19876 | D:6      | Found a runed translucent gate.
 19878 | D:6      | Found a runed translucent gate.
 19952 | D:6      | XOM: cloud trail
 19964 | D:6      | Noticed rjrrt's ghost (amateur DsBe)
 20030 | D:6      | XOM: cleaving
 20042 | D:6      | Reached skill level 9 in Stealth
 20042 | D:6      | Reached XP level 9. HP: 35/60 MP: 8/8
 20046 | D:6      | XOM: confuse monster(s)
 20068 | D:6      | Killed rjrrt's ghost
 20069 | D:6      | Reached skill level 5 in Evocations
 20211 | D:7      | Found a staircase to the Ecumenical Temple.
 20256 | D:7      | Reached skill level 5 in Fighting
 20272 | D:7      | XOM: polymorph kobold brigand -> boggart
 20294 | D:7      | XOM: blink monster(s)
 20424 | D:7      | XOM: confusion (+ monsters)
 20426 | D:7      | XOM: smoke on damage
 20430 | D:7      | Reached skill level 10 in Stealth
 20594 | D:7      | Reached skill level 5 in Dodging
 20654 | D:7      | XOM: silly message
 20842 | D:8      | Noticed a two-headed ogre
 20848 | D:8      | Killed a two-headed ogre
 20849 | D:8      | Reached XP level 10. HP: 66/66 MP: 9/9
 20924 | D:8      | XOM: blink monster(s)
 20925 | D:8      | Reached skill level 11 in Stealth
 20928 | D:8      | XOM: polymorph bullfrog -> shapeshifter
 20929 | D:8      | a shapeshifter changed into a harpy
 20929 | D:8      | Noticed a harpy (shapeshifter)
 20933 | D:8      | XOM: confuse monster(s)
 20934 | D:8      | Killed a harpy
 20956 | D:8      | XOM: confuse monster(s)
 20975 | D:8      | Found a staircase to the Lair.
 21001 | D:8      | Found a flagged portal.
 21031 | Bailey   | Entered a bailey
 21206 | Bailey   | XOM: confuse monster(s)
 21207 | Bailey   | Reached skill level 12 in Stealth
 21270 | Bailey   | Identified the +0 kite shield of Entitlement {rElec Regen+
                  | Str-4 Stlth+}
 21281 | Bailey   | XOM: god gift: potion of curing
 21366 | D:8      | Found Raphy's Magic Scroll Emporium.
 21374 | D:8      | Bought a scroll of teleportation for 36 gold pieces
 21374 | D:8      | Bought a scroll of teleportation for 36 gold pieces
 21374 | D:8      | Bought a scroll of teleportation for 36 gold pieces
 21374 | D:8      | Bought a scroll of brand weapon for 114 gold pieces
 21395 | D:8      | XOM: cloud trail
 21530 | D:8      | XOM: confuse monster(s)
 21573 | D:8      | Reached skill level 1 in Shields
 21806 | D:9      | XOM: enchant monster (good)
 21819 | D:9      | Reached XP level 11. HP: 64/72 MP: 9/9
 21933 | D:9      | XOM: enchant monster (good)
 21979 | D:9      | XOM: blink monster(s)
 22412 | D:10     | Entered Level 10 of the Dungeon
 22457 | D:10     | Found a staircase to the Orcish Mines.
 22476 | D:10     | XOM: swap monsters
 22494 | D:10     | XOM: polymorph something unseen -> bullfrog
 22496 | D:10     | XOM: noise
 22498 | D:10     | XOM: chaos upgrade
 22499 | D:10     | XOM: polymorph orc -> kobold
 22504 | D:10     | XOM: cast spell 'Call Canine Familiar'
 22513 | D:10     | XOM: blink monster(s)
 22515 | D:10     | XOM: polymorph kobold -> giant cockroach
 22520 | D:10     | XOM: summons 2 hostile demons
 22545 | D:9      | Succumbed to an orange demon's poison

Illustrated notes

Levels and vault maps discovered:
D:1:      pf_arrival_petrified_forest, layout_basic, minivault_25, minivault_11,
          roderic_filled_cross
D:2:      layout_loops_ring
D:3:      layout_loops_cross
D:4:      layout_loops_ring, mainiacjoe_overflow_catwalk_spiral,
          mainiacjoe_overflow_concentric_impassable,
          chequers_serial_rivers_marsh, hangedman_abyss_or_decor_slice
D:5:      layout_cave_pools, overflow_temple_1_default,
          gammafunk_ghost_cemetery, serial_shops, shop
D:6:      layout_basic, kiku_gazebo_pond_becter, nicolae_overflow_hidden_temple,
          gammafunk_ghost_necromancy, grunt_ministairs_7
D:7:      layout_rooms, minmay_temple_entry_antechambers
D:8:      layout_rooms, due_lair_maze_entry_diamond, serial_shops, shop,
          enter_bailey_6, due_unseen_surprise
D:9:      layout_basic, grunt_ministairs_2
D:10:     layout_loops_ring, lemuel_tele_altar, nicolae_overflow_crystal_walls,
          david_orc_3

Skill      XL: |  1  2  3  4  5  6  7  8  9 10 11 |
---------------+----------------------------------+-----
Stealth        | 1 4 6 7 9 10 12 | 12.7
Evocations     | 1 2 3 4 6 7 |  7.5
Short Blades   | 4 5 6 7 8 |  8.1
Dodging        | 3 4 5 6 |  6.4
Fighting       | 4 5 6 |  6.3
Shapeshifting  | 1 3 4 |  4.9
Shields        | 1 3 |  3.4

Action                     |  1- 3 |  4- 6 |  7- 9 | 10-12 || total
---------------------------+-------+-------+-------+-------++-------
  Melee: Short sword       |    48 |   138 |   225 |   279 ||   690
         Constrict         |    12 |    20 |    36 |    61 ||   129
         Tentacles         |     9 |    22 |    56 |    82 ||   169
         Punch             |       |     4 |     5 |     4 ||    13
         Kick              |       |       |   102 |   115 ||   217
  Evoke: Wand              |     1 |       |     1 |       ||     2
    Use: Scroll            |     1 |     3 |    10 |     3 ||    17
         Potion            |       |       |     4 |       ||     4
   Stab: Sleeping          |    10 |    12 |    20 |    18 ||    60
         Paralysed         |     3 |       |     1 |     1 ||     5
         Distracted        |       |       |     1 |       ||     1
         Confused          |       |       |     1 |     2 ||     3
 Armour: Skin              |    13 |    68 |   116 |   143 ||   340
  Dodge: Dodged            |    31 |    66 |   124 |   194 ||   415
  Block: Kite shield       |       |       |       |   150 ||   150

Table legend: (Time is in decaauts)
 A = Elapsed time spent in this place.
 B = Non-inter-level travel time spent in this place.
 C = Inter-level travel time spent in this place.
 D = Time resting spent in this place.
 E = Time spent auto-exploring this place.
 F = Levels seen in this place.
 G = Mean time per level.
                   A        B        C        D        E       F      G
               +--------+--------+--------+--------+--------+-----+--------+
         Total |  22380 |  22097 |    283 |  16136 |   4320 |  11 | 2034.5 |
       Dungeon |  22092 |  21809 |    283 |  16120 |   4230 |  10 | 2209.2 |
        Bailey |    288 |    288 |      0 |     16 |     90 |   1 |  288.0 |
               +--------+--------+--------+--------+--------+-----+--------+

Top non-repeatable levels by time:
     D:1: 10010 daAuts
     D:4: 5257 daAuts
     D:2: 2445 daAuts
     D:3: 996 daAuts
     D:6: 802 daAuts
     D:9: 708 daAuts
     D:7: 627 daAuts
     D:5: 582 daAuts
     D:8: 543 daAuts
  Bailey: 288 daAuts
    D:10: 118 daAuts
